 Dungeon Crawl Stone Soup version 0.31-a0-851-g7ff8af7976 (webtiles) character file.

Game seed: 2814151935166880984

188 BinkBink the Shooter (level 5, -2/32 HPs)
             Began as a Deep Elf Hunter on Oct 6, 2023.
             Slain by an orc
             ... wielding a +0 morningstar
              (11 damage)
             ... on level 3 of the Dungeon.
             The game lasted 00:02:36 (1441 turns).

BinkBink the Shooter (Deep Elf Hunter)              Turns: 1441, Time: 00:02:37

Health: -2/32      AC:  2    Str:  8    XL:     5   Next: 39%
Magic:  7/7        EV: 13    Int: 14    God:
Gold:   122        SH:  0    Dex: 20    Spells: 4/4 levels left

rFire   . . .        a - +0 shortbow
rCold   . . .        (shield currently unavailable)
rNeg    . . .        h - +0 robe
rPois   .            (no helmet)
rElec   .            (no cloak)
rCorr   .            (no gloves)
SInv    .            (no boots)
Will    .....        (no amulet)
Stlth   ++           (no ring)
HPRegen 0.25/turn    (no ring)
MPRegen 0.10/turn

%: no passive effects
@: no status effects
A: no striking features
a: no special abilities


You were on level 3 of the Dungeon.
You visited 1 branch of the dungeon, and saw 3 of its levels.

You collected 122 gold pieces.

Inventory:

Hand Weapons
 a - a +0 shortbow (weapon)
 j - the +2 short sword "Death Rattle" {elec, rElec rF+ Will++}
   (You found it on level 2 of the Dungeon)

   rF+:       It protects you from fire.
   rElec:     It insulates you from electricity.
   Will++:    It greatly increases your willpower.
 k - the +10 spear of Waff {protect, rF+ rCorr Str-5 Dex+4}
   (You found it on level 2 of the Dungeon)

   Str-5:     It affects your strength (-5).
   Dex+4:     It affects your dexterity (+4).
   rF+:       It protects you from fire.
   rCorr:     It protects you from acid and corrosion.
Armour
 h - a +0 robe (worn)
Scrolls
 b - a scroll of butterflies
 c - a scroll of silence {unknown}
 e - a scroll of immolation {unknown}
 f - a scroll of identify {unknown}
 g - a scroll of fear {unknown}
 l - a scroll of amnesia {unknown}
Potions
 d - a potion of brilliance {unknown}
 i - a potion of curing {unknown}


   Skills:
 + Level 3.0 Fighting
 * Level 7.9 Ranged Weapons
 - Level 2.4 Dodging
 - Level 1.2 Stealth


You had 4 spell levels left.
You didn't know any spells.
Your spell library contained the following spells:

 Spells                   Type           Power      Damage    Failure   Level
 Ozocubu's Armour         Ice            0%         N/A       65%         3
 Ozocubu's Refrigeration  Ice            0%         4d7       100%        7


Dungeon Overview and Level Annotations

Branches:
Dungeon (3/15)

Altars:


Message History

The black bear goes berserk!
Fire: a) +0 shortbow
Press: ? - help, Q - select action Shift-Dir - straight line, f/p - black bear
Aim: a black bear (almost dead, berserk, 72% to hit)
You shoot an arrow.
The arrow closely misses the black bear.
The black bear bites you.
* * * LOW HITPOINT WARNING * * *
The black bear misses you. The black bear closely misses you.
Fire: a) +0 shortbow
Press: ? - help, Q - select action Shift-Dir - straight line, f/p - black bear
Aim: a black bear (almost dead, berserk, 72% to hit)
You shoot an arrow. The arrow hits the black bear.
You kill the black bear!
Your Fighting skill increases to level 3!
You have reached level 5!
An orc comes into view. It is wielding a +0 morningstar.
The orc shouts!
The orc attacks as it pursues you! The orc hits you with a +0 morningstar!
* * * LOW HITPOINT WARNING * * *
You are too injured to fight recklessly!
Fire: a) +0 shortbow
Press: ? - help, Q - select action Shift-Dir - straight line, f - orc
Aim: an orc, wielding a +0 morningstar and wearing a +0 leather armour (66% to hit)
You shoot an arrow. The arrow hits the orc.
The orc is lightly wounded.
The orc barely misses you.
Fire: a) +0 shortbow
Press: ? - help, Q - select action Shift-Dir - straight line, f/p - orc
Aim: an orc, wielding a +0 morningstar and wearing a +0 leather armour (lightly wounded, 66% to hit)
You shoot an arrow. The arrow barely misses the orc.
The orc barely misses you.
Fire: a) +0 shortbow
Press: ? - help, Q - select action Shift-Dir - straight line, f/p - orc
Aim: an orc, wielding a +0 morningstar and wearing a +0 leather armour (lightly wounded, 66% to hit)
You shoot an arrow.
The arrow hits the orc but does no damage.
The orc is lightly wounded.
The orc hits you with a +0 morningstar!
You die...

#. #.# # #..
#†##.##.# #.##..
#>......# ..o...
####.######.. .....o
##........# #.##ro
#..#####..# #....o
#..# #..# ####.[
#.o# #..# #.. #.@#
#..# ##. #..#####..#
#. #.....##..# #g
###<..#.##..######
#.................
###.#.#.#...........
.......<.......#####
###.###.####.### #.
...# #.#


You could see an orc.

Vanquished Creatures
  A black bear (D:3)
  A gnoll (D:1)
  5 adders (D:2)
  2 dart slugs (D:1)
  An orc (D:2)
  3 endoplasms (D:1)
  2 giant cockroaches
  6 hobgoblins
  3 jackals (D:1)
  4 kobolds
  A quokka (D:1)
  5 ball pythons
  2 bats
  A frilled lizard (D:1)
  2 rats (D:1)
39 creatures vanquished.

Notes
Turn   | Place    | Note
-------+----------+-------------------------------------------
     0 | D:1      | BinkBink the Deep Elf Hunter began the quest for the Orb.
     0 | D:1      | Reached XP level 1. HP: 12/12 MP: 3/3
   155 | D:1      | Reached XP level 2. HP: 15/17 MP: 4/4
   311 | D:1      | Reached skill level 6 in Ranged Weapons
   490 | D:1      | Reached XP level 3. HP: 21/21 MP: 5/5
  1017 | D:2      | Reached XP level 4. HP: 27/27 MP: 6/6
  1151 | D:2      | Identified the +10 spear of Waff {protect, rF+ rCorr Str-5
                  | Dex+4}
  1171 | D:2      | Identified the +2 short sword "Death Rattle" {elec, rElec
                  | rF+ Will++}
  1214 | D:2      | Reached skill level 7 in Ranged Weapons
  1370 | D:3      | Noticed a black bear
  1379 | D:3      | HP: 1/27 [black bear (2)]
  1380 | D:3      | Killed a black bear
  1381 | D:3      | Reached XP level 5. HP: 1/32 MP: 7/7
  1441 | D:3      | Slain by an orc

Illustrated notes

Levels and vault maps discovered:
D:1:      lemuel_arrival_broad_hall, layout_loops_ring, minmay_statues_item,
          kennysheep_flooded_box, minmay_misc_feat_encased
D:2:      layout_basic
D:3:      kennysheep_goblin_castle, layout_loops_ring,
          nicolae_hepliaklqana_hazy_memory, kennysheep_nondescript

Skill      XL: |  1  2  3  4 |
---------------+-------------+-----
Fighting       | 2 3 |  3.0
Ranged Weapons | 6 7 |  7.9
Dodging        | |  2.4
Stealth        | |  1.2

Action                     |  1- 3 |  4- 6 || total
---------------------------+-------+-------++-------
   Fire: Shortbow          |    94 |    25 ||   119
 Armour: Skin              |    10 |       ||    10
         Robe              |     9 |    13 ||    22
  Dodge: Dodged            |    37 |    11 ||    48

Table legend: (Time is in decaauts)
 A = Elapsed time spent in this place.
 B = Non-inter-level travel time spent in this place.
 C = Inter-level travel time spent in this place.
 D = Time resting spent in this place.
 E = Time spent auto-exploring this place.
 F = Levels seen in this place.
 G = Mean time per level.
                   A        B        C        D        E       F      G
               +--------+--------+--------+--------+--------+-----+--------+
         Total |   1451 |   1362 |     89 |      0 |   1135 |   3 |  483.7 |
       Dungeon |   1451 |   1362 |     89 |      0 |   1135 |   3 |  483.7 |
               +--------+--------+--------+--------+--------+-----+--------+

Top non-repeatable levels by time:
     D:1: 865 daAuts
     D:2: 487 daAuts
     D:3: 98 daAuts
